AoeStats
← vikman85

African Clearing

510385509Analyzed
3v3 RM · 16h ago on Sep 30, 2026· 74m 42s· 6 players
Game mode
Random Map
Map size
Normal (6 player)
Population
200
Speed
Normal
Resources
Standard
Victory
Conquest
Starting age
Dark Age
Ending age
Imperial Age
RankedLock teamsTeams togetherTeam positionsShared explorationLock speedFull tech treeHidden civsTurbo modeCheats
Victory
Defeat
🇪🇸 Varangians · Spain
1254
+13
🇪🇸 Danes · Spain
1207
+15
🇪🇸 Huns · Spain
1186
+15
🇱🇹 Sicilians · Lithuania
1204
-15
🇵🇪 Burgundians · Peru
1200
-15
🇱🇹 Koreans · Lithuania
1156
-13
(:Burundukas:) LT.
4:54 Loom
15:56 Feudal Age
17:40 Double-Bit Axe
19:58 Castle Age
17:46 Double-Bit Axe
18:28 Horse Collar
18:56 Scale Mail Armor
19:06 Forging
19:36 Town Watch
20:17 Pikeman
21:41 Heavy Plow
23:17 Fletching
29:27 Bow Saw
29:59 Wheelbarrow
31:51 Squires
33:24 Chain Mail Armor
36:19 Arson
36:22 Gambesons
37:15 Iron Casting
40:03 Imperial Age
40:09 Capped Ram
40:27 Halberdier
43:32 Hand Cart
44:22 Plate Mail Armor
44:53 Blast Furnace
44:51 Elite Serjeant
46:54 First Crusade
47:11 First Crusade
48:04 Siege Ram
57:40 Bodkin Arrow
Augrar
4:25 Loom
14:04 Feudal Age
19:54 Castle Age
17:41 Double-Bit Axe
17:47 Horse Collar
18:17 Scale Mail Armor
19:07 Forging
20:50 Chain Mail Armor
21:29 Bow Saw
23:25 Heavy Plow
23:52 Gold Mining
26:39 Gold Shaft Mining
25:54 Stone Mining
26:50 Wheelbarrow
26:01 Town Watch
32:24 Crossbowman
33:10 Thumb Ring
33:51 Fletching
38:59 Squires
42:56 Stone Mining
HoraceTBear
6:56 Double-Bit Axe
12:07 Wheelbarrow
13:39 Feudal Age
11:56 Loom
18:40 Castle Age
16:54 Bow Saw
24:49 Two-Man Saw
25:42 Horse Collar
30:57 Hand Cart
35:23 Imperial Age
34:00 Forging
33:50 Scale Mail Armor
34:30 Scale Mail Armor
34:33 Squires
34:18 Arson
34:27 Gold Mining
35:23 Iron Casting
36:04 Chain Mail Armor
37:11 Blast Furnace
36:25 Flemish Revolution
46:44 Scale Barding Armor
46:31 Cavalier
48:40 Chain Barding Armor
49:51 Gold Shaft Mining
48:48 Paladin
52:59 Plate Barding Armor
52:31 Husbandry
53:25 Conscription
65:12 Heavy Plow
64:56 Light Cavalry
70:26 Hussar
DK_rudyairlines
12:20 Loom
14:06 Feudal Age
19:10 Castle Age
17:42 Arson
18:01 Scale Mail Armor
18:12 Forging
18:07 Double-Bit Axe
18:04 Horse Collar
20:24 Gambesons
20:40 Squires
23:54 Chain Mail Armor
26:37 Bow Saw
28:25 Iron Casting
33:00 Wheelbarrow
32:11 Town Watch
39:43 Hand Cart
42:49 Imperial Age
40:25 Fletching
42:56 Heavy Plow
43:00 Elite Varangian Guard
45:39 Bodkin Arrow
48:02 Blast Furnace
47:33 Plate Mail Armor
46:53 Capped Ram
49:27 Conscription
49:56 Gold Mining
vikman85
7:40 Loom
13:02 Feudal Age
14:10 Feudal Age
15:19 Double-Bit Axe
17:55 Castle Age
16:19 Bloodlines
19:54 Husbandry
22:56 Horse Collar
24:48 Town Watch
25:55 Wheelbarrow
28:34 Scale Barding Armor
30:14 Hand Cart
30:14 Fletching
31:10 Bodkin Arrow
32:40 Bow Saw
32:31 Heavy Plow
32:25 Gold Mining
33:22 Chain Barding Armor
34:04 Stone Mining
35:04 Forging
38:35 Imperial Age
38:33 Stone Shaft Mining
38:44 Murder Holes
40:00 Bracer
43:09 Elite Varangian Guard
43:34 Arson
43:50 Squires
43:35 Gambesons
48:11 Two-Man Saw
53:39 Light Cavalry
56:48 Plate Barding Armor
59:22 Ballistics
59:56 Iron Casting
62:11 Chemistry
61:22 Masonry
62:14 Chemistry
66:13 Conscription
67:44 Cavalier
VimaraPeres
9:38 Loom
14:26 Feudal Age
15:02 Double-Bit Axe
18:15 Bloodlines
18:57 Forging
23:09 Castle Age
21:20 Gold Mining
22:57 Scale Barding Armor
24:33 Iron Casting
23:20 Light Cavalry
24:00 Husbandry
24:35 Town Watch
29:36 Bow Saw
30:35 Fletching
30:45 Padded Archer Armor
30:54 Horse Collar
32:30 Chain Barding Armor
33:05 Wheelbarrow
34:58 Leather Archer Armor
36:44 Bodkin Arrow
37:12 Ballistics
37:31 Thumb Ring
43:36 Imperial Age
42:38 Stone Mining
44:28 Bracer
46:37 Parthian Tactics
47:59 Conscription
48:45 Heavy Plow
48:18 Heavy Cavalry Archer
50:23 Chemistry
51:46 Hand Cart
57:07 Hussar
65:35 Plate Barding Armor
66:01 Blast Furnace
68:59 Cavalier
Connection lost

Rejoining the realm…

Still unreachable

The connection could not be restored.

Session expired

The server has moved on; the page needs a fresh start.